 Dungeon Crawl Stone Soup version 0.29-a0-330-g52719c12eb (webtiles) character file.

Game seed: 15776824118754171338

1127 Crownlay the Protected (level 8, -1/63 HPs)
             Began as a Gnoll Wanderer on May 24, 2022.
             Was an Initiate of Gozag.
             Slain by a centaur (7 damage)
             ... on level 5 of the Dungeon.
             The game lasted 00:10:14 (4136 turns).

Crownlay the Protected (Gnoll Wanderer)             Turns: 4136, Time: 00:10:14

Health: -1/63      AC: -3    Str: 16    XL:     8   Next: 35%
Magic:  17/17      EV:  8    Int: 12    God:    Gozag
Gold:   201        SH:  0    Dex:  9    Spells: 19/19 levels left

rFire   + . .      SeeInvis +   B - +2 spear (venom)
rCold   . . .      Faith    .   (no shield)
rNeg    . . .      Spirit   .   b - +0 chain mail
rPois   +          Reflect  .   (no helmet)
rElec   .          Harm     .   t - +0 cloak
rCorr   .          Rampage  .   (no gloves)
Will    +....                   (no boots)
Stlth   ..........              u - amulet of regeneration
HPRegen 1.00/turn               e - ring of wizardry
MPRegen 0.15/turn               d - ring of Biekhoith {rPois rF+ Will+ SInv}

@: corroded
A: fangs 1, strong nose, distributed training
a: Renounce Religion, Potion Petition, Call Merchant, Bribe Branch


You were on level 5 of the Dungeon.
You worshipped Gozag.
Gozag was aware of your devotion.
You visited 1 branch of the dungeon, and saw 5 of its levels.

You collected 427 gold pieces.
You spent 156 gold pieces at shops.
You paid 70 gold pieces to Gozag.

Inventory:

Hand Weapons
 B - a +2 spear of venom (weapon)
Missiles
 A - 5 javelins (quivered)
 D - a throwing net
Armour
 b - a +0 chain mail (worn)
 t - a +0 cloak (worn)
Magical Staves
 m - a staff of poison
Jewellery
 d - the ring of Biekhoith (right hand) {rPois rF+ Will+ SInv}
   (You found it on level 5 of the Dungeon)

   [ring of willpower]

   rF:        It protects you from fire.
   rPois:     It protects you from poison.
   SInv:      It lets you see invisible.
   Will:      It increases your willpower.
 e - a ring of wizardry (left hand)
 r - a ring of wizardry
 u - an amulet of regeneration (around neck)
Wands
 s - a wand of flame (23)
Scrolls
 c - 3 scrolls of teleportation
 h - 2 scrolls of enchant weapon
 l - a scroll of noise {unknown}
 n - 4 scrolls of summoning
 o - a scroll of amnesia {unknown}
 p - 3 scrolls of magic mapping {unknown}
 q - a scroll of brand weapon {unknown}
 v - a scroll of fog {unknown}
 w - 3 scrolls of blinking
 z - 2 scrolls of immolation {unknown}
Potions
 a - a potion of invisibility {unknown}
 f - 2 potions of heal wounds
 g - 2 potions of brilliance {unknown}
 i - 2 potions of flight {unknown}
 j - a potion of mutation {unknown}
 k - 3 potions of curing
 x - a potion of might {unknown}
 C - a potion of lignification {unknown}


   Skills:
 + Level 5.6 Fighting
 + Level 3.2 Short Blades
 + Level 4.1 Long Blades
 + Level 3.2 Axes
 + Level 3.2 Maces & Flails
 + Level 3.2 Polearms
 + Level 3.2 Staves
 + Level 3.2 Slings
 + Level 3.2 Bows
 + Level 3.2 Crossbows
 + Level 3.2 Throwing
 + Level 9.1 Armour
 + Level 4.1 Dodging
 + Level 3.2 Stealth
 + Level 3.2 Shields
 + Level 3.2 Unarmed Combat
 + Level 6.0 Spellcasting
 + Level 2.6 Conjurations
 + Level 2.6 Hexes
 + Level 2.6 Summonings
 + Level 2.6 Necromancy
 + Level 2.6 Translocations
 + Level 2.6 Transmutations
 + Level 2.6 Fire Magic
 + Level 2.6 Ice Magic
 + Level 2.6 Air Magic
 + Level 2.6 Earth Magic
 + Level 2.6 Poison Magic
 + Level 3.5 Invocations
 + Level 3.2 Evocations


You had 19 spell levels left.
You didn't know any spells.
Your spell library contained the following spells:

 Spells                   Type           Power      Damage    Failure   Level
 Summon Small Mammal      Summ           36%        N/A       26%         1
 Call Canine Familiar     Summ           9%         N/A       61%         3
 Ozocubu's Armour         Ice            9%         N/A       61%         3
 Summon Guardian Golem    Hex/Summ       9%         N/A       61%         3
 Metabolic Englaciation   Hex/Ice        4%         N/A       99%         5
 Simulacrum               Ice/Necr       4%         N/A       100%        6


Dungeon Overview and Level Annotations

Branches:
Dungeon (5/15)
 Temple: D:4-7

Altars:
Gozag

Shops:
D:2 *   D:3 *

Annotations:
D:3 Sigmund


Innate Abilities, Weirdness & Mutations

You have very sharp teeth.
Your uncanny sense of smell can sniff out nearby items.
Your experience applies equally to all skills.


Message History

The jelly hits you.
You are splashed with acid!
You hit the jelly.
Your hands burn!
The jelly is severely wounded.
You hit the jelly but do no damage.
The jelly looks as sick as possible!
The acid corrodes you!
Your hands burn!
You bite the jelly, but do no damage.
The jelly is almost dead.
You kill the jelly!
No target in view!
You now have 201 gold pieces (gained 7).
You see here a +0 cloak.
t - a +0 cloak You start putting on your armour.
You continue putting on your +0 cloak. x4
You finish putting on your +0 cloak.
A centaur comes into view.
The centaur shouts!
The centaur wields a +0 shortbow.
The centaur shoots an arrow.
The arrow hits you!
The centaur shoots an arrow.
The arrow hits you.
The centaur shoots an arrow.
The arrow hits you!
The centaur shoots an arrow.
The arrow hits you!
You are too injured to fight recklessly!
You are too injured to fight recklessly!
You are too injured to fight recklessly!
You are too injured to fight recklessly!
You are too injured to fight recklessly!
You are too injured to fight recklessly!
The centaur shoots an arrow.
The arrow hits you.
The centaur shoots an arrow.
The arrow hits you!
* * * LOW HITPOINT WARNING * * *
The centaur unwields a +0 shortbow.
The centaur barely misses you. The centaur closely misses you.
You hit the centaur but do no damage.
You punch the centaur, but do no damage.
The centaur hits you.
* * * LOW HITPOINT WARNING * * *
The centaur kicks you.
* * * LOW HITPOINT WARNING * * *
The centaur hits you!
You die...
Your body crumbles into a pile of gold.

#.............#
#.............#
#.............#
#.............#
#.............#
#.....>.......#
#.............#########
###.###.######..........
#.....#......c@#########
#.#.########.#.#
#.#.#### #.#.# #.#....#
# #.# #.####.# #.# #.# #
#.# #.# ..# #.# ###


You could see a centaur.

Vanquished Creatures
  Edmund (D:5)
  A sky beast (D:5)
  A centaur (D:5)
  A bullfrog (D:4)
  A gnoll sergeant (D:5)
  2 necrophages
  A scorpion (D:5)
  2 jellies
  An orc priest (D:4)
  A gnoll shaman (D:4)
  2 hounds
  An iguana (D:5)
  Ijyb (D:4)
  4 orc wizards
  10 gnolls
  2 adders (D:2)
  3 worms
  4 dart slugs
  12 orcs
  4 bats
  4 endoplasms
  2 giant cockroaches
  3 hobgoblins
  5 jackals (D:2)
  6 quokkas
  6 ball pythons
  3 frilled lizards
  4 goblins
  6 kobolds
  3 rats
97 creatures vanquished.

Notes
Turn   | Place    | Note
-------+----------+-------------------------------------------
     0 | D:1      | Crownlay the Gnoll Wanderer began the quest for the Orb.
     0 | D:1      | Crownlay set off with the following items: a +0 falchion, a
                  | +0 chain mail, a scroll of teleportation, a scroll of
                  | vulnerability
     0 | D:1      | Reached XP level 1. HP: 20/20 MP: 6/6
   284 | D:1      | Found a faded altar of an unknown god.
   292 | D:1      | Reached XP level 2. HP: 26/26 MP: 7/7
   895 | D:2      | Reached XP level 3. HP: 29/31 MP: 9/9
   971 | D:2      | Reached skill level 5 in Spellcasting
  1026 | D:2      | Reached skill level 1 in Invocations
  1308 | D:2      | Reached skill level 1 in Short Blades
  1308 | D:2      | Reached skill level 1 in Axes
  1308 | D:2      | Reached skill level 1 in Maces & Flails
  1308 | D:2      | Reached skill level 1 in Polearms
  1308 | D:2      | Reached skill level 1 in Staves
  1308 | D:2      | Reached skill level 1 in Slings
  1308 | D:2      | Reached skill level 1 in Bows
  1308 | D:2      | Reached skill level 1 in Crossbows
  1308 | D:2      | Reached skill level 1 in Throwing
  1308 | D:2      | Reached skill level 1 in Stealth
  1308 | D:2      | Reached skill level 1 in Shields
  1308 | D:2      | Reached skill level 1 in Unarmed Combat
  1308 | D:2      | Reached skill level 1 in Evocations
  1385 | D:2      | Reached XP level 4. HP: 34/38 MP: 11/11
  1532 | D:2      | Found Itapreh's General Store.
  1537 | D:2      | Bought a potion of degeneration for 12 gold pieces
  1537 | D:2      | Bought a potion of heal wounds for 60 gold pieces
  2039 | D:3      | Found Iczidw Keugo's Assorted Antiques.
  2045 | D:3      | Bought a green potion for 27 gold pieces
  2045 | D:3      | Bought a scroll labelled OZANGESOMY for 30 gold pieces
  2045 | D:3      | Bought a purple potion for 27 gold pieces
  2143 | D:3      | Noticed Sigmund
  2359 | D:3      | Reached skill level 1 in Conjurations
  2359 | D:3      | Reached skill level 1 in Hexes
  2359 | D:3      | Reached skill level 1 in Summonings
  2359 | D:3      | Reached skill level 1 in Necromancy
  2359 | D:3      | Reached skill level 1 in Translocations
  2359 | D:3      | Reached skill level 1 in Transmutations
  2359 | D:3      | Reached skill level 1 in Fire Magic
  2359 | D:3      | Reached skill level 1 in Ice Magic
  2359 | D:3      | Reached skill level 1 in Air Magic
  2359 | D:3      | Reached skill level 1 in Earth Magic
  2359 | D:3      | Reached skill level 1 in Poison Magic
  2380 | D:3      | Reached XP level 5. HP: 27/43 MP: 12/12
  2733 | D:4      | Noticed Ijyb
  2754 | D:4      | Killed Ijyb
  2806 | D:4      | Reached XP level 6. HP: 34/50 MP: 13/13
  2934 | D:4      | Reached skill level 5 in Fighting
  3150 | D:4      | Found an opulent altar of Gozag.
  3426 | D:4      | Reached XP level 7. HP: 29/56 MP: 15/15
  3514 | D:4      | Became a worshipper of Gozag Ym Sagoz the Greedy
  3693 | D:5      | Entered Level 5 of the Dungeon
  3852 | D:5      | Noticed Edmund
  3863 | D:5      | Killed Edmund
  3864 | D:5      | Reached skill level 9 in Armour
  3909 | D:5      | Identified the ring of Biekhoith {rPois rF+ Will+ SInv}
  3943 | D:5      | Reached XP level 8. HP: 33/63 MP: 16/16
  4136 | D:5      | Slain by a centaur

Illustrated notes

Levels and vault maps discovered:
D:1:      dpeg_arrival_castle, layout_basic,
          chequers_ecumenical_altar_simple_redux, serial_bayou_crossing
D:2:      layout_loops_ring, serial_shops, shop_statue, minmay_surrounded
D:3:      layout_basic, serial_shops, nicolae_square_shop, minmay_door_square,
          minmay_misc_feat_rugged, uniq_sigmund
D:4:      layout_gridville, nicolae_gozag_cash_rules_everything_around_me,
          uniq_ijyb
D:5:      layout_basic, led_sif_pool, uniq_edmund

Skill      XL: |  1  2  3  4  5  6  7  8 |
---------------+-------------------------+-----
Spellcasting   | 5 6 |  6.0
Invocations    | 1 2 3 |  3.5
Short Blades   | 1 2 3 |  3.2
Axes           | 1 2 3 |  3.2
Maces & Flails | 1 2 3 |  3.2
Polearms       | 1 2 3 |  3.2
Staves         | 1 2 3 |  3.2
Slings         | 1 2 3 |  3.2
Bows           | 1 2 3 |  3.2
Crossbows      | 1 2 3 |  3.2
Throwing       | 1 2 3 |  3.2
Stealth        | 1 2 3 |  3.2
Shields        | 1 2 3 |  3.2
Unarmed Combat | 1 2 3 |  3.2
Evocations     | 1 2 3 |  3.2
Conjurations   | 1 2 |  2.6
Hexes          | 1 2 |  2.6
Summonings     | 1 2 |  2.6
Necromancy     | 1 2 |  2.6
Translocations | 1 2 |  2.6
Transmutations | 1 2 |  2.6
Fire Magic     | 1 2 |  2.6
Ice Magic      | 1 2 |  2.6
Air Magic      | 1 2 |  2.6
Earth Magic    | 1 2 |  2.6
Poison Magic   | 1 2 |  2.6
Long Blades    | 3 4 |  4.1
Dodging        | 3 4 |  4.1
Fighting       | 5 |  5.6
Armour         | 9 |  9.1

Action                   |  1- 3 |  4- 6 |  7- 9 || total
-------------------------+-------+-------+-------++-------
Melee: Falchion          |   148 |   164 |       ||   312
       Bite              |    11 |    19 |     6 ||    36
       Punch             |     3 |     2 |     3 ||     8
       Spear             |       |    49 |   131 ||   180
Throw: Javelin           |       |     6 |       ||     6
  Use: Potion            |       |     1 |       ||     1
       Scroll            |       |       |     4 ||     4
 Stab: Distracted        |       |       |     1 ||     1
Armor: Chain mail        |   126 |   167 |    59 ||   352
Dodge: Dodged            |    57 |   104 |    44 ||   205

Table legend: (Time is in decaauts)
 A = Elapsed time spent in this place.
 B = Non-inter-level travel time spent in this place.
 C = Inter-level travel time spent in this place.
 D = Time resting spent in this place.
 E = Time spent auto-exploring this place.
 F = Levels seen in this place.
 G = Mean time per level.
                   A        B        C        D        E       F      G
               +--------+--------+--------+--------+--------+-----+--------+
         Total |   4192 |   4019 |    173 |      8 |   2913 |   5 |  838.4 |
       Dungeon |   4192 |   4019 |    173 |      8 |   2913 |   5 |  838.4 |
               +--------+--------+--------+--------+--------+-----+--------+

Top non-repeatable levels by time:
     D:4: 1086 daAuts
     D:2: 1055 daAuts
     D:1: 876 daAuts
     D:3: 736 daAuts
     D:5: 437 daAuts
